 Dungeon Crawl Stone Soup version 0.30-a0-424-g7412bad402 (webtiles) character file.

Game seed: 10877463438723278701

1417 dr0g0th the Basher (level 9, -1/59 HPs)
             Began as a Meteoran Fighter on Dec 10, 2022.
             Slain by a phantom (6 damage)
             ... on level 5 of the Dungeon.
             The game lasted 00:11:37 (2771 turns).

dr0g0th the Basher (Meteoran Fighter)               Turns: 2771, Time: 00:11:38

Health: -1/59      AC: 14    Str: 32    XL:     9   Next: 22%
Magic:  10/10      EV: 12    Int:  9    God:
Gold:   261        SH:  5    Dex: 10    Spells: 8/8 levels left

rFire   . . .      SeeInvis .    a - +1 flail
rCold   . . .      Faith    .    c - +0 buckler
rNeg    . . .      Spirit   .    e - +1 ring mail of the Enchanted Forest {Will+ Dex-3 Slay+3}
rPois   .          Reflect  .    (no helmet)
rElec   .          Harm     .    (no cloak)
rCorr   .          Rampage  .    (no gloves)
Will    ++...                    m - +0 pair of boots
Stlth   ..........               g - amulet of regeneration
HPRegen 1.09/turn                n - +6 ring of strength
MPRegen 0.12/turn                f - +4 ring of protection

@: glowing
A: sense surroundings 2, otherworldly, glowing, explore regen, iridescent scales
1, strong 1
a: no special abilities


You were on level 5 of the Dungeon.
You visited 1 branch of the dungeon, and saw 5 of its levels.

You collected 261 gold pieces.

Inventory:

Hand Weapons
 a - a +1 flail (weapon)
Armour
 c - a +0 buckler (worn)
 e - the +1 ring mail of the Enchanted Forest (worn) {Will+ Dex-3 Slay+3}
   (You found it on level 4 of the Dungeon)

   Dex:       It affects your dexterity (-3).
   Slay:      It affects your accuracy & damage with ranged weapons and melee
   (+3).
   Will:      It increases your willpower.
 m - a +0 pair of boots (worn)
Jewellery
 f - a +4 ring of protection (right hand)
 g - an amulet of regeneration (around neck)
 i - a ring of positive energy
 n - a +6 ring of strength (left hand)
Wands
 q - a wand of mindburst (14)
 u - a wand of iceblast (12)
Scrolls
 b - a scroll of fear
Potions
 l - a potion of attraction
 p - a potion of invisibility


   Skills:
 + Level 5.4 Fighting
 + Level 8.9 Maces & Flails
 + Level 7.0 Armour
 + Level 4.1 Dodging
 + Level 0.2 Stealth
 + Level 5.5 Shields


You had 8 spell levels left.
You didn't know any spells.
Your spell library contained the following spells:

 Spells                   Type           Power      Damage    Failure   Level
 Necrotise                Necr           0%         1d4       56%         1
 Cigotuvi's Dreadful Rot  Necr/Pois/Air  0%         N/A       71%         2
 Vampiric Draining        Necr           0%         2d6       91%         3
 Dispel Undead            Necr           0%         3d6       100%        4
 Agony                    Necr           0%         N/A       100%        5
 Freezing Cloud           Conj/Ice/Air   0%         6-21      100%        5
 Death Channel            Necr           0%         N/A       100%        6
 Simulacrum               Ice/Necr       0%         N/A       100%        6
 Polar Vortex             Ice            0%         N/A       100%        9


Dungeon Overview and Level Annotations

Branches:
Dungeon (5/15) Zot: 372
 Temple: D:4-7

Altars:
Qazlal
Trog
Yredelemnul


Innate Abilities, Weirdness & Mutations

You passively map the area around you.
You are easily found by Zot.
You glow in the dark.
You regain HP and MP as you explore.
You are partially covered in iridescent scales. (AC +2)
Your muscles are strong. (Str +4, Int/Dex -1)


Message History

You feel very sick. The killer bee barely misses you.
The orc hits you with a +0 club.
* * * LOW HITPOINT WARNING * * *
A phantom comes into view.
The killer bee closely misses you.
You sock the killer bee!
You kill the killer bee!
You feel sick. You block the orc's attack.
Your Dodging skill increases to level 4!
Unknown command.
You feel sick. The orc hits you but does no damage.
Things that are here:
a killer bee corpse; a killer bee corpse You feel sick.
You closely miss the orc.
You feel sick.
You bludgeon the killer bee!!
You kill the killer bee!
You feel sick. The orc barely misses you.
Your Armour skill increases to level 7!
You hit the orc.
The orc is heavily wounded.
You feel sick. You block the orc's attack. The orc completely misses you.
You thump the orc!
You kill the orc!
You feel sick. The orc barely misses you.
You sock the phantom!
The phantom is heavily damaged.
You feel sick. The orc hits you but does no damage.
The phantom closely misses you.
You bludgeon the orc!!
You kill the orc!
You feel sick.
You are no longer poisoned.
The phantom hits you but does no damage.
You block the phantom's attack.
There is a stone staircase leading up here.
Things that are here:
a +0 club; a +0 leather armour; an orc corpse The phantom hits you.
You die...

#.#####......._......#
#######.# ######....###.##
.##.....## #...## ,#
.........####### ###.# ,
.[.............# #.####.#
..........##########......#
..!.......# #....######
..........# ##.####
..........# #@<#
........<.# *###W##
........... #.:o#
.#......### #)### ##.###* *
... ,## ..>.. * ** * ..
....... * ** ##.###.
######. ,*, , .......* #. ,
,


You could see a phantom and an orc.

Vanquished Creatures
  Grinder (D:4)
  Sigmund (D:2)
  A water moccasin (D:5)
  An ice beast (D:5)
  A phantom (D:3)
  Blork the orc (D:5)
  A scorpion (D:5)
  4 killer bees (D:5)
  A howler monkey (D:5)
  A hound (D:5)
  A gnoll bouda (D:4)
  An orc priest (D:5)
  2 jellies
  Terence (D:2)
  An iguana (D:5)
  4 adders
  10 gnolls
  3 shadow imps
  An ufetubus (D:5)
  3 worms (D:2)
  A dart slug (D:4)
  9 orcs
  3 bats (D:1)
  2 endoplasms
  3 giant cockroaches
  8 goblins
  5 hobgoblins
  10 jackals
  3 kobolds
  4 quokkas
  11 ball pythons
  5 frilled lizards
  4 rats
108 creatures vanquished.

Vanquished Creatures (others)
  4 fungi (D:5)
4 creatures vanquished.

Grand Total: 112 creatures vanquished

Notes
Turn   | Place    | Note
-------+----------+-------------------------------------------
     0 | D:1      | dr0g0th the Meteoran Fighter began the quest for the Orb.
     0 | D:1      | Reached XP level 1. HP: 19/19 MP: 2/2
    81 | D:1      | Reached XP level 2. HP: 20/26 MP: 3/3
   189 | D:1      | Reached skill level 3 in Maces & Flails
   189 | D:1      | Reached XP level 3. HP: 31/31 MP: 4/4
   470 | D:1      | Glimpsed the power of Zot.
   520 | D:1      | Glimpsed the power of Zot.
   614 | D:2      | Reached XP level 4. HP: 40/40 MP: 5/5
   624 | D:2      | Noticed Terence
   637 | D:2      | Killed Terence
   638 | D:2      | Reached skill level 1 in Dodging
   712 | D:2      | Reached skill level 4 in Maces & Flails
   724 | D:2      | Reached XP level 5. HP: 46/46 MP: 6/6
   852 | D:2      | Noticed Sigmund
   855 | D:2      | Killed Sigmund
   856 | D:2      | Reached skill level 5 in Maces & Flails
   856 | D:2      | Reached XP level 6. HP: 52/52 MP: 7/7
  1055 | D:1      | Glimpsed the power of Zot.
  1105 | D:1      | Glimpsed the power of Zot.
  1291 | D:3      | Reached XP level 7. HP: 59/59 MP: 8/8
  1443 | D:3      | Reached skill level 6 in Maces & Flails
  1634 | D:3      | Glimpsed the power of Zot.
  1684 | D:3      | Glimpsed the power of Zot.
  2050 | D:4      | Reached skill level 5 in Armour
  2050 | D:4      | Reached skill level 5 in Shields
  2057 | D:4      | Gained mutation: You are partially covered in iridescent
                  | scales. (AC +2) [potion of mutation]
  2057 | D:4      | Gained mutation: Your muscles are strong. (Str +4, Int/Dex
                  | -1) [potion of mutation]
  2105 | D:4      | Identified the +1 ring mail of the Enchanted Forest {Will+
                  | Dex-3 Slay+3}
  2117 | D:4      | Noticed Grinder
  2139 | D:4      | Paralysed by Grinder for 3 turns
  2148 | D:4      | Paralysed by Grinder for 5 turns
  2155 | D:4      | Killed Grinder
  2156 | D:4      | Reached skill level 7 in Maces & Flails
  2156 | D:4      | Reached XP level 8. HP: 53/67 MP: 9/9
  2227 | D:4      | Glimpsed the power of Zot.
  2241 | D:4      | Found a basalt altar of Yredelemnul.
  2241 | D:4      | Found a stormy altar of Qazlal.
  2277 | D:4      | Glimpsed the power of Zot.
  2317 | D:4      | Glimpsed the power of Zot.
  2327 | D:4      | Touched by the power of Zot.
  2356 | D:5      | Entered Level 5 of the Dungeon
  2428 | D:5      | Reached skill level 5 in Fighting
  2474 | D:5      | Noticed Blork the orc
  2485 | D:5      | Killed Blork the orc
  2490 | D:5      | HP: 3/78 [poisoned by a water moccasin]
  2509 | D:5      | Reached skill level 8 in Maces & Flails
  2591 | D:5      | Gained mutation: You passively map the area around you.
                  | [Meteoran growth]
  2591 | D:5      | Reached XP level 9. HP: 23/59 MP: 10/10
  2724 | D:5      | Found a bloodstained altar of Trog.
  2771 | D:5      | Slain by a phantom

Illustrated notes

Levels and vault maps discovered:
D:1:      evilmike_arrival_rings, layout_basic
D:2:      layout_rooms, uniq_sigmund, uniq_terence
D:3:      wander_river, layout_loops_ring
D:4:      wad_pebble_path, layout_cave_pods, jmf_multi_god_temple, uniq_grinder
D:5:      layout_rooms, nicolae_overflow_crystal_walls, glass_columns_a,
          dk_noncrumbling_3, dreamdust_gnoll_farm, uniq_blork_the_orc

Skill      XL: |  1  2  3  4  5  6  7  8  9 |
---------------+----------------------------+-----
Shields        | 4 5 |  5.5
Maces & Flails | 3 4 5 7 8 |  8.9
Armour         | 4 5 6 7 |  7.0
Dodging        | 1 2 3 4 |  4.1
Fighting       | 4 5 |  5.4
Stealth        | |  0.2

Action                   |  1- 3 |  4- 6 |  7- 9 || total
-------------------------+-------+-------+-------++-------
Melee: Flail             |   122 |    58 |   208 ||   388
  Use: Scroll            |     3 |       |     8 ||    11
       Potion            |       |     1 |     9 ||    10
Armor: Scale mail        |   122 |    26 |    45 ||   193
       Ring mail         |       |       |    61 ||    61
       Skin              |       |       |    24 ||    24
Dodge: Dodged            |    62 |    24 |   103 ||   189
Block: Buckler           |    46 |    19 |    52 ||   117

Table legend: (Time is in decaauts)
 A = Elapsed time spent in this place.
 B = Non-inter-level travel time spent in this place.
 C = Inter-level travel time spent in this place.
 D = Time resting spent in this place.
 E = Time spent auto-exploring this place.
 F = Levels seen in this place.
 G = Mean time per level.
                   A        B        C        D        E       F      G
               +--------+--------+--------+--------+--------+-----+--------+
         Total |   2827 |   2631 |    196 |     57 |   1779 |   5 |  565.4 |
       Dungeon |   2827 |   2631 |    196 |     57 |   1779 |   5 |  565.4 |
               +--------+--------+--------+--------+--------+-----+--------+

Top non-repeatable levels by time:
     D:1: 682 daAuts
     D:4: 652 daAuts
     D:3: 596 daAuts
     D:2: 497 daAuts
     D:5: 399 daAuts
